PL
VANCOUVER GREY WOLVES @ PANAMA CITY PIRANHAS
09/13/2024
 
TOP OF THE 1ST
Vancouver Grey Wolves batting - Pitching for Panama City Piranhas : RHP Luis Flores
Pitching: RHP Luis Flores
Batting: SHB Gregg Wagner 0-0: Ball
1-0: Foul Ball, location: 2F
1-1: Ball
2-1: Foul Ball, location: 2F
2-2: Ball
3-2: Fly out, F8 (Flyball, 8RD)
Batting: LHB José Alonso 0-0: Swinging Strike
0-1: Ground out U3 (Groundball, 3S)
Batting: LHB Emílio Barbán 0-0: SINGLE (Line Drive, 3D)
Batting: LHB Min-heui Im 0-0: SINGLE (Groundball, 4MD)
Emílio Barbán to second
Runner from 2nd tries for 3rd, SAFE, no throw or cutoff
Batting: LHB Timmy Appeldoorn 0-0: Called Strike
0-1: Ball
1-1: Ball
2-1: Ball
3-1: Called Strike
3-2: Base on Balls
Min-heui Im to second
Batting: LHB Héctor Cortéz 0-0: Ball
1-0: Ground out 1-3 (Groundball, 23)
Top of the 1st over - 0 run(s), 2 hit(s), 0 error(s), 3 left on base; Vancouver 0 - Panama City 0
BOTTOM OF THE 1ST
Panama City Piranhas batting - Pitching for Vancouver Grey Wolves : RHP Roderick Rhodes
Pitching: RHP Roderick Rhodes
Batting: LHB Floyd Long 0-0: Ground out 4-3 (Groundball, 4M)
Batting: LHB Sergio Muñóz 0-0: Ball
1-0: Swinging Strike
1-1: Ball
2-1: Ball
3-1: Ground out U3 (Groundball, 3L)
Batting: LHB Steve Cunningham 0-0: Ball
1-0: Ball
2-0: Called Strike
2-1: Ball
3-1: Called Strike
3-2: Base on Balls
Batting: SHB Marc Talamante 0-0: Ball
1-0: Fly out, F8 (Flyball, 89D)
Bottom of the 1st over - 0 run(s), 0 hit(s), 0 error(s), 1 left on base; Vancouver 0 - Panama City 0
TOP OF THE 2ND
Vancouver Grey Wolves batting - Pitching for Panama City Piranhas : RHP Luis Flores
Batting: RHB Enrique Fuentes 0-0: Called Strike
0-1: Ball
1-1: Called Strike
1-2: Foul Ball, location: 2F
1-2: Strikes out swinging, 2-3 out at first.
Batting: LHB David Hubbard 0-0: Swinging Strike
0-1: Ball
1-1: Foul Ball, location: 2F
1-2: Foul Ball, location: 2F
1-2: Strikes out swinging
Batting: RHB Danny Walsh 0-0: Ball
1-0: Ball
2-0: Foul Ball, location: 2F
2-1: Called Strike
2-2: Ball
3-2: Foul Ball, location: 2F
3-2: Strikes out swinging
Top of the 2nd over - 0 run(s), 0 hit(s), 0 error(s), 0 left on base; Vancouver 0 - Panama City 0
BOTTOM OF THE 2ND
Panama City Piranhas batting - Pitching for Vancouver Grey Wolves : RHP Roderick Rhodes
Batting: RHB Brad Perry 0-0: Ball
1-0: Ball
2-0: Foul Ball, location: 2F
2-1: Ground out 1-3 (Groundball, 15)
Batting: LHB Ye Der 0-0: Called Strike
0-1: Swinging Strike
0-2: Ball
1-2: SINGLE (Line Drive, 8RS)
Batting: LHB Herman Hayes 0-0: Ball
1-0: Swinging Strike
1-1: Called Strike
1-2: Ball
2-2: Fielders Choice at 2nd, 3-6 (Groundball, 3)
Batting: RHB Tim Barnes 0-0: Ball
1-0: Ball
2-0: Ball
3-0: Base on Balls
Herman Hayes to second
Batting: RHB Armando Alvarado 0-0: Called Strike
0-1: Called Strike
0-2: Ground out 6-3 (Groundball, 6)
Bottom of the 2nd over - 0 run(s), 1 hit(s), 0 error(s), 2 left on base; Vancouver 0 - Panama City 0
TOP OF THE 3RD
Vancouver Grey Wolves batting - Pitching for Panama City Piranhas : RHP Luis Flores
Batting: SHB Gregg Wagner 0-0: Ball
1-0: Swinging Strike
1-1: Foul Ball, location: 2F
1-2: Ball
2-2: Foul Ball, location: 2F
2-2: Fly out, F5 (Popup, 5SF)
Batting: LHB José Alonso 0-0: Called Strike
0-1: Foul Ball, location: 2F
0-2: Ball
1-2: Strikes out swinging
Batting: LHB Emílio Barbán 0-0: Ground out 3-1 (Groundball, 34)
Top of the 3rd over - 0 run(s), 0 hit(s), 0 error(s), 0 left on base; Vancouver 0 - Panama City 0
BOTTOM OF THE 3RD
Panama City Piranhas batting - Pitching for Vancouver Grey Wolves : RHP Roderick Rhodes
Batting: LHB Floyd Long 0-0: Ball
1-0: Ball
2-0: Fly out, F4 (Line Drive, 4D)
Batting: LHB Sergio Muñóz 0-0: Ball
1-0: Ball
2-0: Foul Ball, location: 2F
2-1: Ground out U3 (Groundball, 3L)
Batting: LHB Steve Cunningham 0-0: Ball
1-0: Swinging Strike
1-1: Ball
2-1: Ball
3-1: Swinging Strike
3-2: Foul Ball, location: 2F
3-2: SINGLE (Line Drive, 9S)
Batting: SHB Marc Talamante 0-0: Called Strike
0-1: Called Strike
0-2: Foul Ball, location: 2F
0-2: Strikes out swinging
Bottom of the 3rd over - 0 run(s), 1 hit(s), 0 error(s), 1 left on base; Vancouver 0 - Panama City 0
TOP OF THE 4TH
Vancouver Grey Wolves batting - Pitching for Panama City Piranhas : RHP Luis Flores
Batting: LHB Min-heui Im 0-0: Ball
1-0: Foul Ball, location: 2F
1-1: Ball
2-1: Ground out 1-3 (Groundball, 15)
Batting: LHB Timmy Appeldoorn 0-0: Foul Ball, location: 2F
0-1: Ball
1-1: Ball
2-1: Ball
3-1: Called Strike
3-2: Fly out, F8 (Flyball, 8RM)
Batting: LHB Héctor Cortéz 0-0: Ball
1-0: Ball
2-0: Ball
3-0: Swinging Strike
3-1: Base on Balls
Batting: RHB Enrique Fuentes 0-0: Called Strike
0-1: Called Strike
0-2: Strikes out swinging
Top of the 4th over - 0 run(s), 0 hit(s), 0 error(s), 1 left on base; Vancouver 0 - Panama City 0
BOTTOM OF THE 4TH
Panama City Piranhas batting - Pitching for Vancouver Grey Wolves : RHP Roderick Rhodes
Batting: RHB Brad Perry 0-0: Ball
1-0: Ball
2-0: Foul Ball, location: 2F
2-1: Ball
3-1: Called Strike
3-2: Foul Ball, location: 2F
3-2: Base on Balls
Batting: LHB Ye Der 0-0: Ball
1-0: Called Strike
1-1: 2-RUN HOME RUN (Line Drive, 89XD), Distance : 416 ft
Batting: LHB Herman Hayes 0-0: Foul Ball, location: 2F
0-1: Ball
1-1: Ball
2-1: Ball
3-1: Base on Balls
Batting: RHB Tim Barnes 0-0: Swinging Strike
0-1: Ball
1-1: Foul Ball, location: 2F
1-2: Foul Ball, location: 2F
1-2: Ball
2-2: Ball
3-2: Grounds into double play, 6-4-3 (Groundball, 6M)
Batting: RHB Armando Alvarado 0-0: Ball
1-0: Ground out 5-3 (Groundball, 5)
Bottom of the 4th over - 2 run(s), 1 hit(s), 0 error(s), 0 left on base; Vancouver 0 - Panama City 2
TOP OF THE 5TH
Vancouver Grey Wolves batting - Pitching for Panama City Piranhas : RHP Luis Flores
Batting: LHB David Hubbard 0-0: Called Strike
0-1: Foul Ball, location: 2F
0-2: Strikes out swinging
Batting: RHB Danny Walsh 0-0: Ball
1-0: Fly out, F9 (Flyball, 89M)
Batting: SHB Gregg Wagner 0-0: Ball
1-0: Ball
2-0: Ball
3-0: Called Strike
3-1: Base on Balls
Batting: LHB José Alonso 0-0: Fielders Choice at 2nd, U4 (Groundball, 4M)
Top of the 5th over - 0 run(s), 0 hit(s), 0 error(s), 1 left on base; Vancouver 0 - Panama City 2
BOTTOM OF THE 5TH
Panama City Piranhas batting - Pitching for Vancouver Grey Wolves : RHP Roderick Rhodes
Batting: LHB Floyd Long 0-0: SINGLE (Groundball, 3D)
Batting: LHB Sergio Muñóz 0-0: Ball
1-0: SINGLE (Groundball, 4MD)
Floyd Long to second
Batting: LHB Steve Cunningham 0-0: Ball
1-0: Foul Ball, location: 2F
1-1: Foul Ball, location: 2F
1-2: Foul Ball, location: 2F
1-2: Grounds into double play, 1-6-3 (Groundball, 13S)
Floyd Long to third
Batting: SHB Marc Talamante 0-0: Ground out 4-3 (Groundball, 4)
Bottom of the 5th over - 0 run(s), 2 hit(s), 0 error(s), 1 left on base; Vancouver 0 - Panama City 2
TOP OF THE 6TH
Vancouver Grey Wolves batting - Pitching for Panama City Piranhas : RHP Luis Flores
Batting: LHB Emílio Barbán 0-0: Foul Ball, location: 2F
0-1: Ball
1-1: SINGLE (Line Drive, 78S)
Batting: LHB Min-heui Im 0-0: Ball
1-0: Ball
2-0: Foul Ball, location: 2F
2-1: SINGLE (Groundball, 3D)
Emílio Barbán to second
Runner from 2nd tries for 3rd, SAFE, throw made to third
Batting: LHB Timmy Appeldoorn 0-0: Ball
1-0: Ball
2-0: SINGLE (Line Drive, 89S)
Emílio Barbán scores
Min-heui Im to second
Batting: LHB Héctor Cortéz 0-0: Ball
1-0: SINGLE (Flyball, 8LS)
Min-heui Im to third
Timmy Appeldoorn to second
Batting: RHB Enrique Fuentes 0-0: Called Strike
0-1: Ball
1-1: Fly out, F8 (Flyball, 8LM)
Runner from 3rd tags up, OUT at HOME
Timmy Appeldoorn to third
Héctor Cortéz to second
Batting: LHB David Hubbard 0-0: Called Strike
0-1: Called Strike
0-2: Ball
1-2: Ground out 4-3 (Groundball, 4)
Top of the 6th over - 1 run(s), 4 hit(s), 0 error(s), 2 left on base; Vancouver 1 - Panama City 2
BOTTOM OF THE 6TH
Panama City Piranhas batting - Pitching for Vancouver Grey Wolves : RHP Roderick Rhodes
Batting: RHB Brad Perry 0-0: Ground out 5-3 (Groundball, 5S)
Batting: LHB Ye Der 0-0: Ball
1-0: Ball
2-0: Ground out 4-3 (Groundball, 4)
Batting: LHB Herman Hayes 0-0: Ball
1-0: Swinging Strike
1-1: Ball
2-1: Fly out, F6 (Line Drive, 6)
Bottom of the 6th over - 0 run(s), 0 hit(s), 0 error(s), 0 left on base; Vancouver 1 - Panama City 2
TOP OF THE 7TH
Vancouver Grey Wolves batting - Pitching for Panama City Piranhas : RHP Luis Flores
Batting: RHB Danny Walsh 0-0: Called Strike
0-1: Swinging Strike
0-2: Ball
1-2: Ball
2-2: Fly out, F9 (Flyball, 9LMF)
Batting: SHB Gregg Wagner 0-0: Ground out 3-1 (Groundball, 34S)
Batting: LHB José Alonso 0-0: Ground out 4-3 (Groundball, 4)
Top of the 7th over - 0 run(s), 0 hit(s), 0 error(s), 0 left on base; Vancouver 1 - Panama City 2
BOTTOM OF THE 7TH
Panama City Piranhas batting - Pitching for Vancouver Grey Wolves : RHP Roderick Rhodes
Batting: RHB Tim Barnes 0-0: Foul Ball, location: 2F
0-1: Ball
1-1: Ball
2-1: Ball
3-1: Swinging Strike
3-2: Base on Balls
Pitching: RHP Burt Booth
Batting: RHB Armando Alvarado 0-0: Called Strike
0-1: Foul Ball, location: 2F
0-2: Ball
1-2: Ball
2-2: Foul Ball, location: 2F
2-2: Strikes out swinging
Batting: LHB Floyd Long 0-0: Called Strike
0-1: Swinging Strike
0-2: Strikes out swinging
Batting: LHB Sergio Muñóz 0-0: Swinging Strike
0-1: Ball
1-1: Ball
2-1: Ball
3-1: Foul Ball, location: 2F
3-2: Strikes out swinging
Bottom of the 7th over - 0 run(s), 0 hit(s), 0 error(s), 1 left on base; Vancouver 1 - Panama City 2
TOP OF THE 8TH
Vancouver Grey Wolves batting - Pitching for Panama City Piranhas : RHP Luis Flores
Pitching: RHP Juan Pérez
Batting: LHB Emílio Barbán 0-0: Foul Ball, location: 2F
0-1: Foul Ball, location: 2F
0-2: Foul Ball, location: 2F
0-2: Ball
1-2: Ball
2-2: Ball
3-2: Strikes out swinging
Batting: LHB Min-heui Im 0-0: Called Strike
0-1: Ball
1-1: Swinging Strike
1-2: Ball
2-2: Ball
3-2: Foul Ball, location: 2F
3-2: DOUBLE (Groundball, 3L)
Batting: LHB Timmy Appeldoorn 0-0: Called Strike
0-1: Swinging Strike
0-2: Strikes out looking
Batting: LHB Héctor Cortéz 0-0: Ground out 3-1 (Groundball, 34)
Top of the 8th over - 0 run(s), 1 hit(s), 0 error(s), 1 left on base; Vancouver 1 - Panama City 2
BOTTOM OF THE 8TH
Panama City Piranhas batting - Pitching for Vancouver Grey Wolves : RHP Burt Booth
Batting: LHB Steve Cunningham 0-0: Called Strike
0-1: Foul Ball, location: 2F
0-2: Ball
1-2: Ball
2-2: Fly out, F6 (Popup, 6D)
Batting: SHB Marc Talamante 0-0: Ball
1-0: Ball
2-0: Called Strike
2-1: Ground out 4-3 (Groundball, 34D)
Batting: RHB Brad Perry 0-0: Foul Ball, location: 2F
0-1: Ball
1-1: Ball
2-1: SINGLE (Line Drive, 6MD)
Batting: LHB Ye Der 0-0: Ground out 4-3 (Groundball, 4)
Bottom of the 8th over - 0 run(s), 1 hit(s), 0 error(s), 1 left on base; Vancouver 1 - Panama City 2
TOP OF THE 9TH
Vancouver Grey Wolves batting - Pitching for Panama City Piranhas : RHP Juan Pérez
Batting: RHB Enrique Fuentes 0-0: Called Strike
0-1: Called Strike
0-2: Strikes out swinging
Batting: LHB David Hubbard 0-0: Ball
1-0: Foul Ball, location: 2F
1-1: Foul Ball, location: 2F
1-2: Foul Ball, location: 2F
1-2: Ground out 5-3 (Groundball, 56S)
Batting: RHB Danny Walsh 0-0: Ball
1-0: Ball
2-0: Called Strike
2-1: Foul Ball, location: 2F
2-2: Foul Ball, location: 2F
2-2: Ball
3-2: Foul Ball, location: 2F
3-2: Base on Balls
Batting: SHB Gregg Wagner 0-0: Called Strike
0-1: Ball
1-1: Ball
2-1: Ball
3-1: Foul Ball, location: 2F
3-2: Base on Balls
Danny Walsh to second
Batting: LHB José Alonso 0-0: Swinging Strike
0-1: Ground out 4-3 (Groundball, 4)
Top of the 9th over - 0 run(s), 0 hit(s), 0 error(s), 2 left on base; Vancouver 1 - Panama City 2
This league is powered by Out of the Park Baseball, the baseball management simulation game for PC, Mac and Linux
Monday, October 3rd, 2016 - OOTP Baseball 16.9 Build 39